Cogmind - Beta 17 @@@ ROGUE MODE // 2026.07.13 @ 03:12:10 Player: mischief_2000 Result: Destroyed by S-27 Virus with Autogun Performance ------------- Evolutions (6) 3000 Regions Visited (19) 3800 Robots Destroyed (368) 1840 Value Destroyed (16861) 16861 Prototype IDs (8) 160 Alien Tech Used (0) 0 Bonus (7542) 7542 TOTAL SCORE: 33203 Bonus ------- High Alert Combat Kills 5088 Follower Combat Kills 354 Entered Garrisons 800 Entered DSFs 1000 Acquired ECA 300 Cogmind --------- Core Integrity 0/1150 Matter 251/300 Energy 100/100 System Corruption 24% Temperature Cool (0) Movement Core (100) Ox1 Location -4/Upper Caves Parts ------- > --- POWER (2) -------- (None) > --- PROPULSION (4) --- (None) > --- UTILITY (8) ------ Advanced Signal Interpreter Advanced Signal Interpreter > --- WEAPON (5) ------- Autogun Power Maul > --- INVENTORY (5) ---- Advanced Cryofiber Web High-capacity Matter Pod (200) Hardened Medium Armor Plating Long-range Tractor Beam Peak State ------------ > --- POWER ------------ Neutrino Core Reinforced Fission Core > --- PROPULSION ------- Armored Medium Treads Armored Medium Treads Improved Heavy Treads > --- UTILITY ---------- Advanced Cryofiber Web Advanced Heat Sink Advanced Heat Sink Large Storage Unit Improved Particle Charger Improved Heavy Armor Plating Improved Dynamic Insulation System > --- WEAPON ----------- Plasma Rifle Wave Gun Heavy Mass Driver Enhanced Gauss Cannon > --- INVENTORY -------- Armored Medium Treads Armored Medium Treads Nuclear Pulse Array Advanced Cryofiber Web High-capacity Matter Pod Energy Filter Long-range Tractor Beam Impact Mace Impact Mace [Rating: 111] Favorites ----------- Power Reinforced Deuterium Engine Engine Reinforced Deuterium Engine Power Core Fission Core Reactor Light Antimatter Reactor Propulsion Light Treads Treads Light Treads Leg Improved Titanium Leg Wheel Armored Wheel Flight Unit Nuclear Pulse Array Utility Improved Heat Sink Device Improved Heat Sink Storage Large Storage Unit Processor Advanced Targeting Computer Hackware Hacking Suite Protection Layered Heavy Armor Plating Weapon Thermic Laser Energy Gun Thermic Laser Energy Cannon Plasma Cannon Ballistic Gun Improved Assault Rifle Ballistic Cannon Heavy Mass Driver Launcher Mini Grenade Launcher Special Weapon Mining Laser Impact Weapon Impact Mace Slashing Weapon Axe Build | -11 -10 -9 -8 -8 -7 -7 -7 -7 -7 -7 -7 -6 -6 -6 -6 -5 -4 -4 -4 ------- Run | Yrd Mat Mat Mat Gar Fac Was Fac Gar Fac DSF Gar Fac Gar Fac DSF Fac Fac Upp Upp Slots Evolved 12 | . . 2 2 . 2 . . . . . . 2 . . . 2 2 . . Power 1 | . . . . . . . . . . . . 1 . . . . . . . Propulsion 2 | . . . . . . . . . . . . 1 . . . 1 . . . Utility 6 | . . 1 2 . 1 . . . . . . . . . . 1 1 . . Weapon 3 | . . 1 . . 1 . . . . . . . . . . . 1 . . Parts Attached 265 | 8 7 16 10 8 1 . 11 27 . 17 12 11 23 . 17 76 13 7 1 Power 31 | 1 2 2 1 . . . 1 4 . . 3 2 5 . 1 8 1 . . Engine 17 | 1 2 2 1 . . . 1 3 . . . . 2 . 1 3 1 . . Core 12 | . . . . . . . . 1 . . 2 2 3 . . 4 . . . Reactor 2 | . . . . . . . . . . . 1 . . . . 1 . . . Propulsion 43 | 2 . 4 2 3 . . 2 . . 3 2 1 5 . 1 12 4 2 . Treads 30 | 2 . 3 1 1 . . . . . 3 . 1 5 . 1 11 2 . . Leg 4 | . . . . . . . 2 . . . 2 . . . . . . . . Wheel 5 | . . 1 1 2 . . . . . . . . . . . 1 . . . Hover . | . . . . . . . . . . . . . . . . . . . . Flight 4 | . . . . . . . . . . . . . . . . . 2 2 . Utility 96 | 2 1 3 4 3 . . 4 10 . 5 5 6 6 . 6 34 5 2 . Device 53 | 1 . . . . . . 3 5 . 2 4 3 3 . 4 24 3 1 . Storage 6 | 1 1 1 . . . . . . . 1 . . . . 1 1 . . . Processor 11 | . . 2 1 . . . . 3 . . . 2 . . . 1 2 . . Hackware 6 | . . . . 2 . . . . . . . 1 1 . . 2 . . . Protection 20 | . . . 3 1 . . 1 2 . 2 1 . 2 . 1 6 . 1 . Artifact . | . . . . . . . . . . . . . . . . . . . . Weapon 95 | 3 4 7 3 2 1 . 4 13 . 9 2 2 7 . 9 22 3 3 1 Energy Gun 29 | 2 . . . . . . 4 3 . 9 1 1 1 . . 8 . . . Energy Cannon 8 | . . . . . . . . 2 . . . 1 . . . 5 . . . Ballistic Gun 46 | 1 3 7 3 . 1 . . 7 . . 1 . 5 . 9 6 . 3 . Ballistic Cannon 6 | . . . . . . . . 1 . . . . . . . 3 2 . . Launcher 1 | . . . . 1 . . . . . . . . . . . . . . . Special Weapon 1 | . 1 . . . . . . . . . . . . . . . . . . Impact Weapon 3 | . . . . 1 . . . . . . . . . . . . 1 . 1 Slashing Weapon 1 | . . . . . . . . . . . . . 1 . . . . . . Piercing Weapon . | . . . . . . . . . . . . . . . . . . . . Special Melee Weapon . | . . . . . . . . . . . . . . . . . . . . Unidentified Prototypes 8 | . . 2 . . . . . . . . . 1 1 . . 3 1 . . Corrupted Parts 5 | . . . . . . . . . . 3 . . . . . . . 2 . System Corruption 23 | . . . . . . . . . . 6 . . . . . . . 17 . Parts Lost 80 | . . . 4 2 . 4 . 3 . . 3 . 12 . 1 25 14 11 1 Power 10 | . . . . . . 1 . . . . 1 . 2 . 1 3 1 1 . Propulsion 16 | . . . 1 1 . 2 . . . . . . 2 . . 1 5 3 1 Utility 31 | . . . 3 1 . . . 3 . . 2 . 3 . . 11 4 4 . Weapon 23 | . . . . . . 1 . . . . . . 5 . . 10 4 3 . Highest Loss Streak 11 | . . . 3 1 . 4 . 1 . . 1 . 7 . 1 8 11 11 1 To Critical Strikes 2 | . . . . . . . . . . . . . . . . . 1 1 . Average Backups 10 | 4 11 17 21 19 17 10 4 4 4 4 8 8 5 7 8 10 6 3 4 Power . | . 1 1 . 1 1 . . . 1 1 2 1 . . . . . . . Propulsion 3 | 2 3 4 5 5 5 2 2 2 2 1 1 2 3 4 3 3 2 . . Utility 4 | . 3 7 10 9 8 5 . . . . 1 2 . 1 2 5 3 3 4 Weapon 2 | 1 4 5 4 3 3 2 . 1 1 1 3 2 . 2 1 2 1 . . Tool/Special . | . . . . . . . . . . . . . . . . . . . . Unused Backups 58 | . 10 12 2 . . 12 4 4 . 2 . 2 1 . 2 3 2 . 2 Power 5 | . 1 . . . . 1 1 2 . . . . . . . . . . . Propulsion 21 | . 4 4 2 . . 4 1 . . 2 . 1 1 . . 1 1 . . Utility 14 | . . 5 . . . 6 . . . . . 1 . . . . . . 2 Weapon 16 | . 4 3 . . . 1 1 2 . . . . . . 2 2 1 . . Tool/Special 2 | . 1 . . . . . 1 . . . . . . . . . . . . Average Slot Usage (%) 88 | . 99 99 89 90 90 46 58 98 92 95 96 97 73 93 86 84 61 40 17 Engine 6 | . 14 10 8 9 7 3 2 6 7 7 . . 2 6 10 5 . 2 . Core 2 | . . . . . . . . . . . 4 12 6 6 . 4 6 . . Treads 11 | . 27 13 9 . . . . . . 9 9 19 12 13 13 14 10 . . Leg 2 | . . . . . . . 14 15 15 5 5 . . . . . . . . Wheel 2 | . . 8 8 17 15 11 . . . . . . . . . . . . . Device 13 | . 14 . . . 5 5 8 16 15 17 31 22 12 13 14 16 21 13 . Storage 6 | . 14 11 9 9 7 3 . . . 1 7 6 4 6 6 5 4 . . Processor 8 | . . 21 18 18 15 13 7 20 23 14 . 5 1 . . . 2 10 10 Hackware 1 | . . . . . . . . . . . . 3 4 6 4 3 . . . Protection 5 | . . . 8 9 7 . 9 6 . 6 5 . 6 13 8 6 1 . . Energy Gun 6 | . 1 . . . . . 15 6 7 27 24 22 5 6 . 4 4 . . Energy Cannon 1 | . . . . . . . . 1 7 . . . 4 6 1 3 . . . Ballistic Gun 15 | . 25 32 27 25 30 8 . 21 15 1 2 . 6 13 23 12 . 1 3 Peak Build Rating 111 | 7 11 27 34 34 36 31 43 50 41 54 62 65 76 71 88 107 111 66 17 Average Rating 51 | 6 9 22 32 33 35 14 33 43 41 49 53 60 59 71 80 95 74 46 15 On Entrance 41 | . 7 11 27 33 34 36 4 43 41 41 50 52 65 71 71 86 87 57 16 Avg Prop Armor Cover (%) 6 | . . 9 4 5 . . 4 . . . . . 5 4 4 7 . . . Naked Turns 14 | . . . . . . . . . . . . . 14 . . . . . . Heaviest Build 127 | 12 32 97 112 111 113 89 43 46 33 65 65 57 61 60 95 127 118 22 3 Greatest Support 150 | 40 40 40 16 28 24 24 40 40 40 40 45 70 105 75 105 150 129 28 4 Greatest Overweight (x) 9 | . . 8 9 6 4 3 1 1 . 1 1 . 4 . . 3 1 . . Average Overweight (x) 1 | . . 4 8 3 4 . . . . . . . . . . . . . . Largest Inventory Capacity 25 | 8 15 25 25 25 25 25 5 5 5 10 10 10 10 10 15 15 15 5 5 Average Capacity 13 | 7 12 21 25 25 25 12 5 5 5 6 10 10 8 10 12 15 13 5 5 Most Carried 25 | 7 15 25 25 25 21 25 5 5 5 10 10 10 10 10 15 15 11 5 5 Average Carried 12 | 4 11 18 24 22 20 11 4 4 5 5 9 9 7 10 12 14 7 3 4 Final Capacity 25 | 8 15 25 25 25 25 5 5 5 5 10 10 10 10 10 15 15 5 5 5 Final Carried 25 | 7 15 25 25 22 20 5 5 5 5 9 10 9 10 10 15 12 3 5 4 Class Distribution -------------------- 34% | Scavenger-Tank 19% | Gunner 18% | Scavenger-Gunner 18% | Mutant 3% | Scavenger-Skirmisher Dominant Class ---------------- Mutant | -10/Materials Gunner | -9/Materials Gunner | -8/Materials Gunner | -8/Garrison Scavenger-Gunner | -7/Factory Mutant | -7/Waste Mutant | -7/Factory Scavenger-Gunner | -7/Garrison Scavenger-Gunner | -7/Factory Scavenger-Gunner | -7/DSF Scavenger-Tank | -7/Garrison Scavenger-Skirmisher | -6/Factory Scavenger-Tank | -6/Garrison Scavenger-Tank | -6/Factory Scavenger-Tank | -6/DSF Scavenger-Tank | -5/Factory Scavenger-Mutant | -4/Factory Mutant | -4/Upper Caves Mutant | -4/Upper Caves Resources | -11 -10 -9 -8 -8 -7 -7 -7 -7 -7 -7 -7 -6 -6 -6 -6 -5 -4 -4 -4 ----------- Run | Yrd Mat Mat Mat Gar Fac Was Fac Gar Fac DSF Gar Fac Gar Fac DSF Fac Fac Upp Upp Matter Collected 11382 | 196 389 866 920 322 . . 172 1398 . 401 485 162 819 . 512 4078 581 81 . Remotely 879 | . . . . . . . . . . . . . . . . 879 . . . Salvage Created 16331 | 163 560 1126 1308 601 . . 172 1614 . 456 953 324 1631 . 894 5758 643 128 . Parts 883 | 14 47 91 69 48 . . 9 85 . 35 44 14 50 . 41 315 14 7 . Haulers Intercepted 9 | . 1 4 1 . . . . . . 1 . . . . . 2 . . . Recyclers Shooed 11 | 1 . . 2 . . . . . . . . 1 . . . 6 1 . . Parts Field Recycled . | . . . . . . . . . . . . . . . . . . . . Retrieved Matter . | . . . . . . . . . . . . . . . . . . . . Parts Self-Destructed 3 | . . . . . . . . . . . . . . . . . . 3 . Prevented 2 | . . . . . . . . . . . . . . . . . . 2 . Parts Restored 1 | . . . . . . . . . . . . . . . . 1 . . . Broken 1 | . . . . . . . . . . . . . . . . 1 . . . Kills | -11 -10 -9 -8 -8 -7 -7 -7 -7 -7 -7 -7 -6 -6 -6 -6 -5 -4 -4 -4 ------- Run | Yrd Mat Mat Mat Gar Fac Was Fac Gar Fac DSF Gar Fac Gar Fac DSF Fac Fac Upp Upp Combat Hostiles Destroyed 271 | . 15 20 16 23 . . 2 36 . 9 25 6 20 . 8 75 11 5 . Melee 2 | . . . . . . . . . . . . . . . . . 1 1 . Guns 206 | . 15 20 16 23 . . 2 33 . 9 22 5 10 . 7 40 2 2 . Cannons 41 | . . . . . . . . 2 . . . 1 10 . 1 26 1 . . AOE 3 | . . . . . . . . . . . . . . . . 2 1 . . Classes Destroyed 21 | 2 6 4 2 . . . . 3 . . . . 1 . 1 2 . . . Worker 21 | . 1 3 5 . . . 2 . . . . 1 . . . 9 . . . Builder 19 | . . 1 3 . . . . . . . . 1 . . . 13 1 . . Tunneler 7 | 5 . 1 1 . . . . . . . . . . . . . . . . Hauler 9 | . 1 4 1 . . . . . . 1 . . . . . 2 . . . Recycler 11 | 1 . 1 4 . . . . . . . . . . . . 3 2 . . Carrier 1 | . . . . . . . . . . . . . . . 1 . . . . Mechanic 4 | . . 1 . . . . . . . . . . . . . 3 . . . Operator 7 | . 3 2 . . . . 1 . . . . . . . . 1 . . . Drone 1 | . . . . . . . . . . . . . . . . 1 . . . Watcher 17 | . 3 3 4 . . . 1 . . . 1 1 . . . 4 . . . Swarmer 89 | . 9 10 3 17 . . . 6 . 4 15 3 9 . . 3 5 5 . Saboteur 1 | . . . . . . . . . . . . . . . . 1 . . . Grunt 88 | . 6 5 10 4 . . 2 15 . 2 5 2 4 . 4 27 2 . . Brawler 12 | . . . 1 . . . . 2 . . . 1 3 . . 5 . . . Duelist 12 | . . 1 . . . . . 1 . . . . 2 . . 7 1 . . Sentry 20 | . . 4 1 2 . . . 3 . . 2 . . . . 8 . . . Specialist 7 | . . . . . . . . 3 . 1 . . . . 3 . . . . Hunter 9 | . . . . . . . . . . . 1 . . . . 6 2 . . Programmer 27 | . . . . . . . . 6 . 1 2 . 1 . . 16 1 . . Heavy 5 | . . . 1 . . . . . . 1 . . . . 1 2 . . . Behemoth 1 | . . . . . . . . . . . . . 1 . . . . . . Guerrilla 1 | . . . . . . . . 1 . . . . . . . . . . . Best Kill Streak 13 | 4 4 5 5 5 . . 4 5 . 4 8 3 3 . 3 13 7 2 . Combat Bots Only 8 | . 3 4 3 5 . . 2 5 . 4 8 3 3 . 3 6 5 2 . Max Kills in Single Turn 4 | 1 2 2 2 3 . . 1 1 . 4 2 2 2 . 1 4 2 1 . Gunslinging 3 | . . 1 1 2 . . . . . 3 1 1 . . . . . . . Exploded 2 | . . . . . . . . . . . . . . . . 2 1 . . Melee 1 | . . . . . . . . . . . . . . . . . 1 1 . Uniques/NPCs Destroyed . | . . . . . . . . . . . . . . . . . . . . Combat | -11 -10 -9 -8 -8 -7 -7 -7 -7 -7 -7 -7 -6 -6 -6 -6 -5 -4 -4 -4 -------- Run | Yrd Mat Mat Mat Gar Fac Was Fac Gar Fac DSF Gar Fac Gar Fac DSF Fac Fac Upp Upp Hostile Shots Fired 2150 | . 60 45 93 61 . 4 9 255 . 43 155 32 167 . 42 827 222 98 37 Missed 630 | . 16 12 23 16 . . 5 95 . 20 51 15 39 . 13 227 60 23 15 Hits 1520 | . 44 33 70 45 . 4 4 160 . 23 104 17 128 . 29 600 162 75 22 Melee 51 | . . . . . . 4 . . . . . . 4 . . 36 7 . . Projectile 1469 | . 44 33 70 45 . . 4 160 . 23 104 17 124 . 29 564 155 75 22 Critical Strikes 73 | . 1 3 5 1 . 2 . 4 . 1 4 1 4 . 1 40 4 1 1 Actively Blocked 2 | . . . . . . . . . . . 1 . . . . 1 . . . Part Disruptions 3 | . . . . . . . . . . . . . . . . 3 . . . Damage Taken 27515 | . 452 423 1497 516 . 162 140 2030 . 453 1317 282 2779 . 845 12261 2892 1180 286 Core 3473 | . 41 62 197 35 . 131 13 265 . . 143 33 555 . 46 788 396 539 229 Absorbed by Shields 282 | . . . . 4 . . . . . . . . . . . 278 . . . Reduced by Siege Mode 92 | . . . . . . . . . . . . . 88 . . 4 . . . Redirected to Shielding 257 | . . . . . . . . . . . 21 . . . . 236 . . . Ignored by Resistances 153 | . . . . . . . . . . . . . . . . 153 . . . Regen/Repaired (Parts) 1006 | . 109 89 . . . . . . . . . . . . . 808 . . . Core Remaining (%) 55 | 100 83 84 . 57 . . . . . . 21 . . . 25 21 . . . Volleys Fired 867 | 12 63 50 81 41 . . 11 98 . 22 66 29 98 . 27 236 13 16 4 Largest 4 | 2 2 3 3 3 . . 4 4 . 4 4 4 4 . 4 4 4 1 1 Hottest 345 | 60 100 69 69 69 . . 268 268 . 340 340 345 345 . 180 335 268 23 23 Shots Fired 2615 | 24 117 148 243 113 . . 28 348 . 84 206 76 226 . 108 830 44 16 4 Gun 2144 | 24 108 148 243 108 . . 28 319 . 81 193 62 137 . 97 556 20 16 4 Cannon 457 | . . . . . . . . 29 . 3 13 14 89 . 11 274 24 . . Launcher 5 | . . . . 5 . . . . . . . . . . . . . . . Special 9 | . 9 . . . . . . . . . . . . . . . . . . Kinetic 1615 | 12 94 148 243 108 . . . 225 . 5 45 3 76 . 97 515 24 16 4 Thermal 897 | 9 23 . . . . . 28 123 . 34 161 73 150 . 11 265 20 . . Explosive 5 | . . . . 5 . . . . . . . . . . . . . . . Electromagnetic 98 | 3 . . . . . . . . . 45 . . . . . 50 . . . Robot Hit Streak 30 | 7 8 23 18 22 . . 10 24 . 10 8 5 30 . 9 20 4 3 1 Robot Miss Streak 11 | 3 4 4 4 2 . . 3 11 . 3 4 4 3 . 5 8 5 2 1 Penetration Max 2 | . . . . . . . . . . . . . 1 . 1 2 . . . Secondary Targets 49 | . 2 4 5 7 . . . 10 . 3 4 1 . . 1 12 . . . Max Gunslinging Chain 3 | . 1 1 1 2 . . . 1 . 3 1 1 . . 1 1 . . . Shots Hit Robots 1522 | 15 58 105 171 65 . . 17 173 . 45 90 31 139 . 66 499 35 12 1 Core Hits 782 | 7 30 47 62 29 . . 9 91 . 20 38 14 64 . 25 326 10 10 . Critical Kills 44 | . . . 2 . . . . 5 . . . . . . 3 33 1 . . Critical Parts Destroyed 66 | . . . 3 . . . . 7 . . . . . . 7 42 6 1 . Critical Strikes 165 | . . 1 5 . . . 2 14 . 2 11 6 13 . 10 88 12 1 . Burn 40 | . . . . . . . 2 2 . 2 11 6 11 . . 2 4 . . Meltdown 1 | . . . . . . . . . . . . . . . . 1 . . . Destroy 102 | . . 1 5 . . . . 12 . . . . . . 10 74 . . . Blast 13 | . . . . . . . . . . . . . 2 . . 10 1 . . Corrupt 1 | . . . . . . . . . . . . . . . . 1 . . . Smash 8 | . . . . . . . . . . . . . . . . . 7 1 . Melee Attacks 61 | . . . . 7 . . . . . . . . . . . . 28 22 4 Impact 61 | . . . . 7 . . . . . . . . . . . . 28 22 4 Slashing . | . . . . . . . . . . . . . . . . . . . . Piercing . | . . . . . . . . . . . . . . . . . . . . Sneak Attacks 1 | . . . . . . . . . . . . . . . . . 1 . . Combat Hostiles . | . . . . . . . . . . . . . . . . . . . . Follow-up Attacks . | . . . . . . . . . . . . . . . . . . . . Damage Inflicted 34003 | 207 872 1626 2743 990 . . 309 3178 . 707 1695 686 3732 . 1397 13760 1683 388 30 Guns 21933 | 207 872 1626 2743 990 . . 309 2945 . 654 1695 603 1570 . 1230 5969 361 129 30 Cannons 8764 | . . . . . . . . 176 . 53 . 83 2162 . 167 5744 379 . . Explosions 2354 | . . . . . . . . 57 . . . . . . . 1994 303 . . Melee 806 | . . . . . . . . . . . . . . . . . 635 171 . Ramming 146 | . . . . . . . . . . . . . . . . 53 5 88 . Kinetic 17619 | 104 778 1626 2743 990 . . . 1779 . 49 239 27 1384 . 1230 6132 379 129 30 Thermal 12491 | 78 94 . . . . . 309 1342 . 420 1456 659 2348 . 167 4954 664 . . Explosive 328 | . . . . . . . . 57 . . . . . . . 271 . . . Electromagnetic 2613 | 25 . . . . . . . . . 238 . . . . . 2350 . . . Impact 806 | . . . . . . . . . . . . . . . . . 635 171 . Slashing . | . . . . . . . . . . . . . . . . . . . . Piercing . | . . . . . . . . . . . . . . . . . . . . Highest Corruption 26 | . . . . . . . . 5 5 12 17 1 2 2 2 26 . 24 24 Average Corruption 8 | . . . . . . . . 3 5 6 16 1 1 2 2 11 . 19 24 Corruption Purged 1 | . . . . . . . . . . . . . . . . 1 . . . Corruption Blocked . | . . . . . . . . . . . . . . . . . . . . Effects 267 | . . . . . . . . 32 . 16 68 6 9 1 5 114 . 7 9 Message Errors 53 | . . . . . . . . 8 . 3 15 . 3 . 1 16 . 3 4 Matter Fused 60 | . . . . . . . . 12 . 7 8 3 1 1 . 27 . . 1 Heat Flow Errors 26 | . . . . . . . . 1 . 2 5 1 2 . 2 11 . 1 1 Energy Discharges 33 | . . . . . . . . 1 . 2 12 . 3 . 1 14 . . . Parts Rejected 4 | . . . . . . . . . . . . 1 . . . 2 . 1 . Parts Fused 2 | . . . . . . . . . . . . . . . 1 1 . . . Data Loss (minor) 33 | . . . . . . . . 5 . 1 10 . . . . 16 . 1 . Data Loss (major) 14 | . . . . . . . . 2 . . 2 . . . . 8 . 1 1 Misfires 12 | . . . . . . . . 2 . . 5 . . . . 5 . . . Alerts 6 | . . . . . . . . 1 . . . . . . . 5 . . . Misdirections 4 | . . . . . . . . . . . . . . . . 2 . . 2 Weapon Failures 20 | . . . . . . . . . . 1 11 1 . . . 7 . . . Overload Shots . | . . . . . . . . . . . . . . . . . . . . Overflow Damage 769 | . . . . . . . . 3 . . . . 50 . . 192 467 57 . Projectiles 209 | . . . . . . . . . . . . . 50 . . 159 . . . Explosions 131 | . . . . . . . . 3 . . . . . . . 33 95 . . Melee 429 | . . . . . . . . . . . . . . . . . 372 57 . Knockbacks 32 | . . . . . . . . . . . . . 4 . . 18 10 . . Impact 4 | . . . . . . . . . . . . . . . . 1 3 . . Kinetic 25 | . . . . . . . . . . . . . 3 . . 15 7 . . Secondary 3 | . . . . . . . . . . . . . 1 . . 2 . . . Self-Inflicted Damage 447 | . . . . . . . . 140 . . . . . . . 227 44 36 . Shots 8 | . . . . . . . . 2 . . . . . . . 4 2 . . Rammed 49 | . . . . . . . . . . . . . . . . 10 1 38 . Targets Rammed 49 | . . . . . . . . . . . . . . . . 10 1 38 . Kicked . | . . . . . . . . . . . . . . . . . . . . Crushed . | . . . . . . . . . . . . . . . . . . . . Highest Temperature 546 | . 60 24 310 110 . . 198 546 . 201 429 465 429 . 290 526 87 61 90 Average Temperature 103 | . 19 8 50 29 . . 69 116 . 52 99 169 118 . 140 133 47 39 51 Received Heat Transfer 5167 | . 126 195 504 171 . . 36 525 . 63 105 36 537 . 108 2710 42 . 9 Effects 50 | . . . . . . . . 6 . . 2 3 11 . . 28 . . . Shutdowns 17 | . . . . . . . . 2 . . 1 2 3 . . 9 . . . Energy Bleed 5 | . . . . . . . . . . . . . 1 . . 4 . . . Interference 13 | . . . . . . . . . . . . . 3 . . 10 . . . Matter Decay 2 | . . . . . . . . . . . 1 . . . . 1 . . . Short Circuit 5 | . . . . . . . . 1 . . . 1 2 . . 1 . . . Damage (minor) 3 | . . . . . . . . . . . . . . . . 3 . . . Damage (major) 5 | . . . . . . . . 3 . . . . 2 . . . . . . Siege Activations 3 | . . . . . . . . . . . . . 1 . . 2 . . . Total Turns 47 | . . . . . . . . . . . . . 21 . . 26 . . . Longest Duration 23 | . . . . . . . . . . . . . 21 . . 23 . . . Martial Activations . | . . . . . . . . . . . . . . . . . . . . Shielding Activations . | . . . . . . . . . . . . . . . . . . . . Robots Disrupted 4 | . . . . . . . . . . 1 . . . . . 3 . . . Combat Hostiles 3 | . . . . . . . . . . 1 . . . . . 2 . . . Robots Corrupted 13 | . . . . . . . . . . . . . . . . 4 7 2 . Combat Hostiles 12 | . . . . . . . . . . . . . . . . 4 6 2 . Parts Fried 22 | . . . . . . . . . . 1 . . . . . 12 9 . . Impact Corruptions 17 | . . . . . . . . . . . . . . . . 1 12 4 . Robots Melted 8 | . . . . . . . . 1 . . 3 . 2 . . 2 . . . Combat Hostiles 6 | . . . . . . . . 1 . . 3 . . . . 2 . . . Parts Melted 59 | . . . . . . . 1 5 . 1 18 1 11 . . 17 5 . . Heat Transferred 25445 | 175 200 . . . . . 777 2880 . 1133 4450 2211 5418 . 222 6948 1031 . . Parts Sabotaged 5 | . . . . . . . . . . . . . . . . 5 . . . Parts Stolen . | . . . . . . . . . . . . . . . . . . . . Parts Stripped . | . . . . . . . . . . . . . . . . . . . . Power Chain Reactions 3 | . . . . . . . . . . . . . . . . 2 1 . . Alert | -11 -10 -9 -8 -8 -7 -7 -7 -7 -7 -7 -7 -6 -6 -6 -6 -5 -4 -4 -4 ------- Run | Yrd Mat Mat Mat Gar Fac Was Fac Gar Fac DSF Gar Fac Gar Fac DSF Fac Fac Upp Upp Maximum Alert Level 5 | . . 1 . 4 2 1 . 5 3 3 5 3 4 3 3 5 4 . . Low Security (%) 29 | 100 100 79 100 5 . 63 100 10 . . . . . . . . . . . Level 1 7 | . . 20 . 15 . 36 . 7 . . . . . . . 16 . . . Level 2 14 | . . . . 16 100 . . 22 . 28 11 10 10 . 56 26 . . . Level 3 24 | . . . . 51 . . . 21 100 71 38 89 64 100 43 8 . . . Level 4 15 | . . . . 10 . . . 32 . . 46 . 25 . . 13 100 . . Level 5 8 | . . . . . . . . 5 . . 4 . . . . 35 . . . High Security . | . . . . . . . . . . . . . . . . . . . . Max Security . | . . . . . . . . . . . . . . . . . . . . Sterilizations 2 | . . . . . . . . . . 1 . . . . 1 . . . . Peak Influence 2443 | 10 79 249 199 1191 625 211 102 1745 915 870 1611 923 1453 762 797 2443 1353 . . Initial 1196 | . . 9 79 120 625 211 102 5 915 640 652 845 641 762 526 417 1196 . . Average 721 | 1 25 116 64 786 616 184 35 895 915 768 1081 765 974 759 679 1199 1275 . . Influence Increases 11348 | 30 483 654 502 1091 . 15 76 1770 . 230 989 488 972 . 281 3041 481 230 15 Destroy 0b10 Robot/C 5640 | . 300 400 320 460 . . 40 760 . 180 500 220 460 . 180 1500 220 100 . Destroy 0b10 Robot/NC 525 | 30 40 80 90 . . . 20 . . 5 10 20 30 . 10 175 15 . . Destroy Leader 910 | . 68 124 90 20 . . 12 30 . 30 40 44 50 . 30 332 30 10 . Allied During Kill 183 | . . . . . . . . 33 . . . 118 32 . . . . . . Successful Hack 129 | . 22 34 . 10 . . 4 16 . . . 34 . . . 9 . . . Disable Machine 525 | . 45 15 . 15 . . . 15 . . 45 45 15 . 15 210 105 . . Anti-Garrison Action 1600 | . . . . 450 . . . 650 . . 300 . 200 . . . . . . Destroy Structure 771 | . 8 1 2 106 . . . 191 . . 34 7 35 . 1 320 66 . . Partial Spotted 30 | . . . . . . 15 . 15 . . . . . . . . . . . Lose Combat Pursuer 1035 | . . . . 30 . . . 60 . 15 60 . 150 . 45 495 45 120 15 Influence Decreases 10763 | 30 459 489 505 86 586 474 214 33 830 275 248 1182 436 701 236 1396 1616 745 222 Entered New Map 6743 | . . 15 110 66 566 394 44 3 830 275 218 766 276 691 226 380 1246 485 152 Time Decay 3152 | 30 459 474 357 . 20 40 170 . . . . 416 . 10 . 736 230 150 60 Lost Part 798 | . . . 38 20 . 40 . 30 . . 30 . 120 . 10 250 140 110 10 Lost Ally 70 | . . . . . . . . . . . . . 40 . . 30 . . . Squads Dispatched 55 | . 3 2 3 . . . 2 . . 1 . 5 . . 2 35 2 . . Investigation 4 | . 1 . 1 . . . . . . . . . . . . 2 . . . Extermination 11 | . . . . . . . 1 . . . . 3 . . . 7 . . . Reinforcement 22 | . 2 2 1 . . . 1 . . 1 . 2 . . 2 10 1 . . Assault 13 | . . . . . . . . . . . . . . . . 12 1 . . Garrison 5 | . . . 1 . . . . . . . . . . . . 4 . . . Intercept . | . . . . . . . . . . . . . . . . . . . . Searches Triggered . | . . . . . . . . . . . . . . . . . . . . Construction Impeded 4 | . . . . . . . . . . . . 1 . . . 3 . . . Haulers Reinforced 1 | . . . . . . . . . . . . . . . . 1 . . . Active Scanning Responses . | . . . . . . . . . . . . . . . . . . . . Cargo Convoy Interrupts 1 | . . . . . . . . . . . . . . . . 1 . . . Stealth | -11 -10 -9 -8 -8 -7 -7 -7 -7 -7 -7 -7 -6 -6 -6 -6 -5 -4 -4 -4 --------- Run | Yrd Mat Mat Mat Gar Fac Was Fac Gar Fac DSF Gar Fac Gar Fac DSF Fac Fac Upp Upp Distress Signals 9 | . 1 1 3 . . . . . . . . . . . . 4 . . . Communications Jammed . | . . . . . . . . . . . . . . . . . . . . Distress Signals . | . . . . . . . . . . . . . . . . . . . . Times Spotted 454 | . 23 27 31 23 . 6 6 43 . 10 27 11 38 . 16 153 19 16 5 Peak Tracking Total 13 | . 4 4 6 4 . 6 5 7 . 4 6 3 9 . 5 13 6 5 5 Tactical Retreats 40 | . . . . 1 . . . 2 . 1 3 . 5 . 3 19 1 4 1 Traps | -11 -10 -9 -8 -8 -7 -7 -7 -7 -7 -7 -7 -6 -6 -6 -6 -5 -4 -4 -4 ------- Run | Yrd Mat Mat Mat Gar Fac Was Fac Gar Fac DSF Gar Fac Gar Fac DSF Fac Fac Upp Upp Traps Triggered 14 | . 2 1 1 2 1 . 1 1 . 1 1 . . . 1 1 1 . . Indirectly . | . . . . . . . . . . . . . . . . . . . . Trap Hack Attempts . | . . . . . . . . . . . . . . . . . . . . Triggered . | . . . . . . . . . . . . . . . . . . . . Disarmed . | . . . . . . . . . . . . . . . . . . . . Reprogrammed . | . . . . . . . . . . . . . . . . . . . . Reused . | . . . . . . . . . . . . . . . . . . . . Traps Extracted . | . . . . . . . . . . . . . . . . . . . . Installed . | . . . . . . . . . . . . . . . . . . . . Triggered . | . . . . . . . . . . . . . . . . . . . . Machines | -11 -10 -9 -8 -8 -7 -7 -7 -7 -7 -7 -7 -6 -6 -6 -6 -5 -4 -4 -4 ---------- Run | Yrd Mat Mat Mat Gar Fac Was Fac Gar Fac DSF Gar Fac Gar Fac DSF Fac Fac Upp Upp Machines Disabled 60 | . 3 1 . 9 . . . 12 . . 7 3 3 . 1 14 7 . . Max in Single Turn 4 | . 1 1 . 1 . . . 2 . . 1 1 1 . 1 3 4 . . Garrison Access 1 | . . . . . . . . . . . . . . . . . 1 . . Garrison Relay 15 | . . . . 4 . . . 5 . . 4 . 2 . . . . . . Phase Generator 2 | . . . . 1 . . . 1 . . . . . . . . . . . Machines Repaired . | . . . . . . . . . . . . . . . . . . . . Machines Dismantled . | . . . . . . . . . . . . . . . . . . . . Machines Sabotaged . | . . . . . . . . . . . . . . . . . . . . Overloaded Fab Kills . | . . . . . . . . . . . . . . . . . . . . Hacking | -11 -10 -9 -8 -8 -7 -7 -7 -7 -7 -7 -7 -6 -6 -6 -6 -5 -4 -4 -4 --------- Run | Yrd Mat Mat Mat Gar Fac Was Fac Gar Fac DSF Gar Fac Gar Fac DSF Fac Fac Upp Upp Machines Accessed 41 | . 7 9 2 2 . . 1 2 1 . 1 5 . 1 . 8 2 . . Terminals 28 | . 5 6 . 2 . . . 2 1 . 1 3 . 1 . 7 . . . Fabricators 1 | . . . . . . . . . . . . . . . . . 1 . . Repair Stations 3 | . 1 1 . . . . . . . . . . . . . 1 . . . Recycling Units 4 | . 1 1 1 . . . . . . . . 1 . . . . . . . Scanalyzers 1 | . . 1 . . . . . . . . . . . . . . . . . Garrison Access 4 | . . . 1 . . . 1 . . . . 1 . . . . 1 . . Total Hacks 106 | . 24 32 4 4 . . 2 4 2 . 2 11 . 1 . 15 5 . . Successful 53 | . 11 16 3 1 . . 1 2 1 . 1 8 . 1 . 6 2 . . Failed 53 | . 13 16 1 3 . . 1 2 1 . 1 3 . . . 9 3 . . Catastrophic 8 | . 2 . . . . . . . . . . 2 . . . 4 . . . Database Lockouts . | . . . . . . . . . . . . . . . . . . . . Manual 49 | . 17 24 . . . . . . . . . 1 . . . 7 . . . Terminals 71 | . 19 24 . 4 . . . 4 2 . 2 5 . 1 . 10 . . . Fabricators 2 | . . . . . . . . . . . . . . . . . 2 . . Repair Stations 9 | . 2 2 . . . . . . . . . . . . . 5 . . . Recycling Units 12 | . 3 1 3 . . . . . . . . 5 . . . . . . . Scanalyzers 5 | . . 5 . . . . . . . . . . . . . . . . . Garrison Access 7 | . . . 1 . . . 2 . . . . 1 . . . . 3 . . Terminal Hacks 17 | . 1 5 . 1 . . . 2 1 . 1 3 . 1 . 2 . . . Part Schematic 2 | . . 2 . . . . . . . . . . . . . . . . . Robot Analysis 2 | . . 2 . . . . . . . . . . . . . . . . . Open DSF 3 | . . . . . . . . . 1 . . . . 1 . 1 . . . Branch Access Points 2 | . . 1 . . . . . . . . . . . . . 1 . . . Emergency Access Points 1 | . . . . . . . . 1 . . . . . . . . . . . Garrison Index 1 | . . . . . . . . . . . . 1 . . . . . . . Hauler Manifests 2 | . 1 . . . . . . . . . . 1 . . . . . . . Zone Layout 1 | . . . . . . . . . . . . 1 . . . . . . . Garrison Registry 2 | . . . . 1 . . . . . . 1 . . . . . . . . Security Stations 1 | . . . . . . . . 1 . . . . . . . . . . . Fabricator Hacks 1 | . . . . . . . . . . . . . . . . . 1 . . Network Status 1 | . . . . . . . . . . . . . . . . . 1 . . Repair Station Hacks 7 | . 2 2 . . . . . . . . . . . . . 3 . . . Scan Component 4 | . 1 1 . . . . . . . . . . . . . 2 . . . Repair 3 | . 1 1 . . . . . . . . . . . . . 1 . . . Recycling Unit Hacks 8 | . 1 1 2 . . . . . . . . 4 . . . . . . . Recycle Component 1 | . . . . . . . . . . . . 1 . . . . . . . Process 1 | . . . . . . . . . . . . 1 . . . . . . . Report Inventory 4 | . 1 1 1 . . . . . . . . 1 . . . . . . . Retrieve Matter 1 | . . . . . . . . . . . . 1 . . . . . . . Retrieve Components 1 | . . . 1 . . . . . . . . . . . . . . . . Scanalyzer 5 | . . 5 . . . . . . . . . . . . . . . . . Insert Component 2 | . . 2 . . . . . . . . . . . . . . . . . Analyze 2 | . . 2 . . . . . . . . . . . . . . . . . Retrieve Study 1 | . . 1 . . . . . . . . . . . . . . . . . Garrison Access Hacks 4 | . . . 1 . . . 1 . . . . 1 . . . . 1 . . Unlock Access 3 | . . . 1 . . . 1 . . . . 1 . . . . . . . Seal Access 1 | . . . . . . . . . . . . . . . . . 1 . . Unauthorized Hacks 11 | . 7 3 . . . . . . . . . . . . . 1 . . . Terminals 10 | . 7 3 . . . . . . . . . . . . . . . . . Assimilate 1 | . 1 . . . . . . . . . . . . . . . . . . Botnet 5 | . 2 3 . . . . . . . . . . . . . . . . . Operators 1 | . 1 . . . . . . . . . . . . . . . . . . Skim 3 | . 3 . . . . . . . . . . . . . . . . . . Fabricators . | . . . . . . . . . . . . . . . . . . . . Repair Stations 1 | . . . . . . . . . . . . . . . . 1 . . . Patch 1 | . . . . . . . . . . . . . . . . 1 . . . Recycling Units . | . . . . . . . . . . . . . . . . . . . . Scanalyzers . | . . . . . . . . . . . . . . . . . . . . Garrison Access . | . . . . . . . . . . . . . . . . . . . . Data Cores Recovered 2 | . 1 . . . . . . . . . . . . . . 1 . . . Used 1 | . . . . . . . . . . . . . . . . 1 . . . Hacking Detections 32 | . 7 6 . 2 . . 1 2 1 . 1 3 . . . 8 1 . . Full Trace Events 4 | . 1 . . 1 . . . 1 . . . . . . . 1 . . . Feedback Events . | . . . . . . . . . . . . . . . . . . . . Feedback Blocked . | . . . . . . . . . . . . . . . . . . . . Robot Schematics Acquired . | . . . . . . . . . . . . . . . . . . . . Robots Built . | . . . . . . . . . . . . . . . . . . . . Authchips . | . . . . . . . . . . . . . . . . . . . . Time . | . . . . . . . . . . . . . . . . . . . . Total Robot Build Rating . | . . . . . . . . . . . . . . . . . . . . Part Schematics Acquired 4 | . . 4 . . . . . . . . . . . . . . . . . Parts Built . | . . . . . . . . . . . . . . . . . . . . Authchips . | . . . . . . . . . . . . . . . . . . . . Time . | . . . . . . . . . . . . . . . . . . . . Total Part Build Rating . | . . . . . . . . . . . . . . . . . . . . Part Studies Acquired 1 | . . 1 . . . . . . . . . . . . . . . . . Parts Repaired 3 | . 1 1 . . . . . . . . . . . . . 1 . . . Time 108 | . 26 26 . . . . . . . . . . . . . 56 . . . Parts Recycled 1 | . . . . . . . . . . . . 1 . . . . . . . Recycled Matter 92 | . . . . . . . . . . . . 92 . . . . . . . Retrieved Matter 92 | . . . . . . . . . . . . 92 . . . . . . . Retrieved Components 2 | . . . 2 . . . . . . . . . . . . . . . . Parts Scanalyzed 2 | . . 2 . . . . . . . . . . . . . . . . . Part Schematics Acquired 2 | . . 2 . . . . . . . . . . . . . . . . . Parts Damaged . | . . . . . . . . . . . . . . . . . . . . Bothacking | -11 -10 -9 -8 -8 -7 -7 -7 -7 -7 -7 -7 -6 -6 -6 -6 -5 -4 -4 -4 ------------ Run | Yrd Mat Mat Mat Gar Fac Was Fac Gar Fac DSF Gar Fac Gar Fac DSF Fac Fac Upp Upp Used RIF Installer . | . . . . . . . . . . . . . . . . . . . . Robots Hacked . | . . . . . . . . . . . . . . . . . . . . Non-combat . | . . . . . . . . . . . . . . . . . . . . Combat . | . . . . . . . . . . . . . . . . . . . . Robot Hacks Applied . | . . . . . . . . . . . . . . . . . . . . Relay Couplers Released 63 | . . . . 17 . . . 22 . . 17 . 7 . . . . . . Machine Destruction 60 | . . . . 17 . . . 19 . . 17 . 7 . . . . . . Programmers 3 | . . . . . . . . 3 . . . . . . . . . . . Fabnet Peak Effective % . | . . . . . . . . . . . . . . . . . . . . Robots Rewired 9 | . . . . . . . . 2 . . 6 1 . . . . . . . Allies Hacked 1 | . . . . . . . . . . . . 1 . . . . . . . Hacks Repelled . | . . . . . . . . . . . . . . . . . . . . Allies | -11 -10 -9 -8 -8 -7 -7 -7 -7 -7 -7 -7 -6 -6 -6 -6 -5 -4 -4 -4 -------- Run | Yrd Mat Mat Mat Gar Fac Was Fac Gar Fac DSF Gar Fac Gar Fac DSF Fac Fac Upp Upp Total Allies 9 | . . . . . . . . 2 . . 6 1 . . . . . . . Largest Group 7 | . . . . . . . . 2 . . 6 7 4 . . . . . . Highest-Rated Group 152 | . . . . . . . . 59 . . 120 152 92 . . . . . . Highest-Rated Ally 39 | . . . . . . . . 39 . . 20 32 32 . . . . . . Initial Warlord ECA Mod 53 | . . . . . 9 9 9 9 21 21 31 38 38 44 44 53 52 52 52 Total Orders 6 | . . . . . . . . . . . . . . . . 6 . . . EXPLORE 6 | . . . . . . . . . . . . . . . . 6 . . . Ally Attacks 54 | . . . . . . . . 19 . . . 21 14 . . . . . . Total Damage 1477 | . . . . . . . . 217 . . . 750 510 . . . . . . Kills 13 | . . . . . . . . 2 . . . 6 5 . . . . . . Allies Corrupted . | . . . . . . . . . . . . . . . . . . . . Allies Melted . | . . . . . . . . . . . . . . . . . . . . Intel | -11 -10 -9 -8 -8 -7 -7 -7 -7 -7 -7 -7 -6 -6 -6 -6 -5 -4 -4 -4 ------- Run | Yrd Mat Mat Mat Gar Fac Was Fac Gar Fac DSF Gar Fac Gar Fac DSF Fac Fac Upp Upp Active Infowar (turns) 2938 | 111 1753 11 . . 51 61 . 121 . . . 603 . . . 129 98 . . Optics 121 | . . . . . . . . 121 . . . . . . . . . . . Sensors 663 | . . . . . . . . . . . . 565 . . . . 98 . . Terrain 38 | . . . . . . . . . . . . 38 . . . . . . . Seismic 1987 | 111 1753 11 . . 51 61 . . . . . . . . . . . . . Jamming 129 | . . . . . . . . . . . . . . . . 129 . . . Robot Analysis Total 2 | . . 2 . . . . . . . . . . . . . . . . . Derelict Logs Recovered 2 | . . . . . . . . . . . . . . . . . . . 2 Drone Launches 6 | . . . . . . . . . . . . . . . . 6 . . . Drone Recoveries 2 | . . . . . . . . . . . . . . . . 2 . . . Exploration | -11 -10 -9 -8 -8 -7 -7 -7 -7 -7 -7 -7 -6 -6 -6 -6 -5 -4 -4 -4 ------------- Run | Yrd Mat Mat Mat Gar Fac Was Fac Gar Fac DSF Gar Fac Gar Fac DSF Fac Fac Upp Upp Turns Passed 17272 | 221 1753 1536 979 1339 52 87 410 1862 15 463 1250 1015 1259 26 377 3709 485 302 132 Spaces Moved 8515 | 107 893 702 311 566 34 93 222 1086 12 156 533 500 556 17 154 1570 353 402 248 Core 272 | 4 . . . . . 36 15 . . . . . 70 . . . . 3 144 Treads 4156 | 103 893 196 . . . . . . . 107 277 500 486 17 154 1274 149 . . Legs 1610 | . . . . . . . 207 1086 12 49 256 . . . . . . . . Wheels 1770 | . . 506 311 566 34 57 . . . . . . . . . 296 . . . Hover . | . . . . . . . . . . . . . . . . . . . . Flight 707 | . . . . . . . . . . . . . . . . . 204 399 104 Fastest Speed 35 | 50 160 120 190 140 150 50 50 130 130 130 120 166 50 160 160 130 39 35 35 Average Speed 147 | 155 160 181 215 148 150 85 145 130 130 215 166 169 150 160 160 160 94 38 43 Slowest Speed 250 | 160 160 210 225 190 150 135 200 200 130 250 250 170 250 160 160 250 170 50 50 Overloaded Moves . | . . . . . . . . . . . . . . . . . . . . Propulsion Burnouts . | . . . . . . . . . . . . . . . . . . . . Robots Hopped 1 | . . . . . . . . . . . . . . . . . 1 . . Potential Cave-ins 3 | . . . . . . . . . . . . . . . . . . 3 . Cave-ins Triggered . | . . . . . . . . . . . . . . . . . . . . Exploration Rate (%) 44 | 5 93 61 36 75 2 85 8 97 1 94 42 14 48 1 86 37 7 58 37 Regions Visited 19 Branch Regions 2 Pre-discovered Areas 3 | . . . . . . . . . . . . . . . . . . 1 2 Known Exits Taken 8 | . . . 1 . . . 1 . 1 . . 1 . 1 . 1 1 1 . Unknown Exits Taken 3 | 1 1 1 . . . . . . . . . . . . . . . . . Scrap Searched 2 | . . . . . . . . . . . . . . . . . . 2 . Spaces Dug 50 | . 7 . . 1 . . . 1 . . 9 5 . . . 12 4 7 4 Terrain Destroyed 634 | . 7 . . 162 . . . 214 . . 17 6 5 . 2 173 37 7 4 Melee 16 | . . . . 1 . . . . . . . . . . . . 4 7 4 Projectile 136 | . 7 . . . . . . 4 . . 17 6 5 . . 83 14 . . AOE 470 | . . . . 161 . . . 210 . . . . . . . 80 19 . . Terrain Rammed . | . . . . . . . . . . . . . . . . . . . . Walls Destroyed . | . . . . . . . . . . . . . . . . . . . . Machines Disabled . | . . . . . . . . . . . . . . . . . . . . Actions | -11 -10 -9 -8 -8 -7 -7 -7 -7 -7 -7 -7 -6 -6 -6 -6 -5 -4 -4 -4 --------- Run | Yrd Mat Mat Mat Gar Fac Was Fac Gar Fac DSF Gar Fac Gar Fac DSF Fac Fac Upp Upp Total 11253 | 133 1085 863 439 967 36 100 283 1334 11 232 746 617 795 16 226 2201 419 490 260 Wait 911 | . 84 44 13 319 . 1 25 57 . 8 43 30 82 . 5 190 5 3 2 Move 8497 | 106 892 701 311 564 34 92 222 1085 11 155 532 500 555 16 153 1569 350 401 248 Hop 1 | . . . . . . . . . . . . . . . . . 1 . . Pick Up 156 | 7 18 22 15 2 . 1 8 8 . 7 4 11 11 . 5 34 2 1 . Fast Attach 194 | 7 4 7 . 1 . 2 10 24 . 15 11 5 28 . 9 56 7 8 . Attach 69 | . . 3 8 4 2 . 2 3 . 1 5 7 3 . 1 23 6 . 1 Detach 14 | . . 1 . . . 4 . 2 . . 4 2 . . . . . 1 . Swap 82 | 1 9 9 2 9 . . . 6 . 1 8 6 1 . 7 22 . . 1 Drop 240 | . 15 26 9 4 . . 5 33 . 18 12 15 17 . 19 61 6 . . Fire 867 | 12 63 50 81 41 . . 11 98 . 22 66 29 98 . 27 236 13 16 4 Melee 61 | . . . . 7 . . . . . . . . . . . . 28 22 4 Ram 39 | . . . . . . . . . . . . . . . . 1 . 38 . Kick . | . . . . . . . . . . . . . . . . . . . . Crush 10 | . . . . . . . . . . . . . . . . 9 1 . . Escape Stasis 26 | . . . . 16 . . . . . 5 5 . . . . . . . . Rewire 86 | . . . . . . . . 18 . . 56 12 . . . . . . . Trap . | . . . . . . . . . . . . . . . . . . . . Miscellaneous . | . . . . . . . . . . . . . . . . . . . . Route ------- -11/Scrapyard -10/Materials (discovered 6 exits: *Mat x3 / [*Min x2] / [*Sub]) -9/Materials (discovered 3 exits: *Mat x2 / *Min) -8/Materials -8/Garrison (discovered 3 exits: [*Fac x3]) -7/Factory -7/Waste -7/Factory -7/Garrison (discovered 4 exits: *Fac x4) -7/Factory -7/DSF -7/Garrison (discovered 3 exits: *Fac x3) -6/Factory -6/Garrison -6/Factory -6/DSF -5/Factory (discovered 3 exits: *Fac / Upp x2) -4/Factory -4/Upper Caves -4/Upper Caves (discovered 1 exit: [*Res]) History --------- Turn | Location | Event 2 | -11/Scrapyard | Met Revision 17 17 | -11/Scrapyard | Discovered new exit (range 15) 222 | -11/Scrapyard | Entered Materials 318 | -10/Materials | Build established: Mutant 651 | -10/Materials | Discovered new exit (range 4) 855 | -10/Materials | Discovered new exit (range 15) 1094 | -10/Materials | Discovered new exit (range 10) 1568 | -10/Materials | Discovered new exit (range 16) 1587 | -10/Materials | Discovered new exit (range 4) 1754 | -10/Materials | Repaired Lgt. Treads 1805 | -10/Materials | Discovered new exit (range 10) 1975 | -10/Materials | Entered another Materials area 1975 | -9/Materials | Evolved 2 slots: Utility x1, Weapon x1 2096 | -9/Materials | Repaired Lgt. Treads 2282 | -9/Materials | Build established: Gunner 2647 | -9/Materials | Identified exit to Mines 2841 | -9/Materials | Discovered new exit (range 7) 3301 | -9/Materials | Discovered new exit (range 3) 3511 | -9/Materials | Entered another Materials area 3511 | -8/Materials | Evolved 2 slots: Utility x2 4221 | -8/Materials | Lost 3 parts (1n2u) 4280 | -8/Materials | Found Prototype Device 4393 | -8/Materials | Garrison activated, responded to threat 4490 | -8/Materials | Identified exit to Garrison 4490 | -8/Materials | Entered Garrison 4536 | -8/Garrison | Triggered checkpoint 4583 | -8/Garrison | Garrison Relay disabled 4704 | -8/Garrison | Triggered checkpoint 4779 | -8/Garrison | Discovered new exit (range 15) 4856 | -8/Garrison | Discovered new exit (range 19) 4856 | -8/Garrison | Discovered new exit (range 62) 4856 | -8/Garrison | Discovered new exit (range 92) 4886 | -8/Garrison | Phase Generator disabled 4930 | -8/Garrison | Triggered checkpoint 4939 | -8/Garrison | Garrison Relay disabled 4980 | -8/Garrison | Triggered checkpoint 5024 | -8/Garrison | Triggered checkpoint 5065 | -8/Garrison | Garrison Relay disabled 5200 | -8/Garrison | Triggered checkpoint 5250 | -8/Garrison | Triggered checkpoint 5302 | -8/Garrison | Garrison Relay disabled 5708 | -8/Garrison | Attempted to access garrison exit controls, blocked by remote lockdown 5829 | -8/Garrison | Entered Factory 5829 | -7/Factory | Evolved 2 slots: Utility x1, Weapon x1 5881 | -7/Factory | Sucked down chute 5881 | -7/Factory | Entered Waste 5900 | -7/Waste | Spotted C-40 Crusher 5900 | -7/Waste | Spotted C-40 Crusher 5913 | -7/Waste | Crushed by Compactor (1 part destroyed, 1 dropped) 5918 | -7/Waste | Crushed by Compactor (1 part destroyed, 1 dropped) 5920 | -7/Waste | Spotted C-40 Crusher 5931 | -7/Waste | Spotted C-40 Crusher 5936 | -7/Waste | Spotted C-40 Crusher 5940 | -7/Waste | Spotted C-40 Crusher 5942 | -7/Waste | Crushed by Compactor (1 part destroyed, 2 dropped) 5949 | -7/Waste | Crushed by Compactor (1 part destroyed, 1 dropped) 5958 | -7/Waste | Discovered new exit (range 12) 5968 | -7/Waste | Entered Factory 5980 | -7/Factory | Lost 4 parts (1p2n1w) 6176 | -7/Factory | Build established: Mutant 6378 | -7/Factory | Identified exit to Garrison 6378 | -7/Factory | Entered Garrison 6394 | -7/Garrison | Triggered checkpoint 6431 | -7/Garrison | Garrison Relay disabled 6482 | -7/Garrison | Triggered checkpoint 6573 | -7/Garrison | Discovered new exit (range 5) 6576 | -7/Garrison | Build established: Scavenger-Tank 6862 | -7/Garrison | Core integrity fell below 50% 6862 | -7/Garrison | Triggered checkpoint 6929 | -7/Garrison | Learned Factory security intel 6953 | -7/Garrison | Discovered new exit (range 10) 6970 | -7/Garrison | Build established: Scavenger-Gunner 6982 | -7/Garrison | Triggered checkpoint 7016 | -7/Garrison | Garrison Relay disabled 7126 | -7/Garrison | Triggered checkpoint 7229 | -7/Garrison | Phase Generator disabled 7269 | -7/Garrison | Discovered new exit (range 12) 7304 | -7/Garrison | Triggered checkpoint 7373 | -7/Garrison | Garrison Relay disabled 7550 | -7/Garrison | Triggered checkpoint 7630 | -7/Garrison | Garrison Relay disabled 7634 | -7/Garrison | Triggered checkpoint 7674 | -7/Garrison | Discovered new exit (range 10) 8106 | -7/Garrison | Garrison Relay disabled 8240 | -7/Garrison | Entered Factory 8253 | -7/Factory | Identified exit to DSF 8255 | -7/Factory | Entered DSF 8357 | -7/DSF | Additional patrols routed to DSF 8516 | -7/DSF | Discovered new exit (range 14) 8577 | -7/DSF | Sterilization system engaged 8597 | -7/DSF | Ambient heat levels rising (+10) 8612 | -7/DSF | Ambient heat levels rising (+10) 8627 | -7/DSF | Ambient heat levels rising (+10) 8642 | -7/DSF | Ambient heat levels rising (+10) 8657 | -7/DSF | Ambient heat levels rising (+10) 8672 | -7/DSF | Ambient heat levels rising (+10) 8687 | -7/DSF | Ambient heat levels rising (+10) 8702 | -7/DSF | Ambient heat levels rising (+10) 8717 | -7/DSF | Ambient heat levels rising (+10) 8718 | -7/DSF | System corruption reached 10% 8718 | -7/DSF | Entered Garrison 9114 | -7/Garrison | Triggered checkpoint 9180 | -7/Garrison | Triggered checkpoint 9189 | -7/Garrison | Discovered new exit (range 69) 9189 | -7/Garrison | Discovered new exit (range 46) 9189 | -7/Garrison | Discovered new exit (range 56) 9206 | -7/Garrison | Garrison Relay disabled 9298 | -7/Garrison | Triggered checkpoint 9370 | -7/Garrison | Destroyed 8 combat bots 9512 | -7/Garrison | Triggered checkpoint 9566 | -7/Garrison | Build established: Scavenger-Tank 9584 | -7/Garrison | Triggered checkpoint 9600 | -7/Garrison | Garrison Relay disabled 9620 | -7/Garrison | Triggered checkpoint 9682 | -7/Garrison | Garrison Relay disabled 9836 | -7/Garrison | Garrison Relay disabled 9968 | -7/Garrison | Entered Factory 9968 | -6/Factory | Accompanied by 6 allies 9968 | -6/Factory | Evolved 2 slots: Power x1, Propulsion x1 10344 | -6/Factory | Build established: Scavenger-Skirmisher 10388 | -6/Factory | P-60 Hacker assimilated allied Gladiator 4a 10692 | -6/Factory | P-60 Hacker assimilated allied Gladiator 4b 10978 | -6/Factory | Identified exit to Garrison 10983 | -6/Factory | Entered Garrison 10983 | -6/Garrison | Accompanied by 4 allies 10991 | -6/Garrison | Build established: Scavenger-Gunner 11113 | -6/Garrison | Triggered checkpoint 11131 | -6/Garrison | Garrison Relay disabled 11243 | -6/Garrison | Spotted B-75 Beast 11256 | -6/Garrison | Triggered checkpoint 11275 | -6/Garrison | Released all parts (7) 11333 | -6/Garrison | Lost 7 parts (3u4w) 11378 | -6/Garrison | Core integrity fell below 50% 11398 | -6/Garrison | Destroyed B-75 Beast 11423 | -6/Garrison | Lost 5 parts (2p2n1w) 11691 | -6/Garrison | Triggered checkpoint 11836 | -6/Garrison | Build established: Scavenger-Tank 11956 | -6/Garrison | Spotted B-75 Beast 11956 | -6/Garrison | Spotted B-75 Beast 11995 | -6/Garrison | Triggered checkpoint 12082 | -6/Garrison | Discovered new exit (range 13) 12154 | -6/Garrison | Garrison Relay disabled 12242 | -6/Garrison | Entered Factory 12268 | -6/Factory | Identified exit to DSF 12268 | -6/Factory | Entered DSF 12310 | -6/DSF | Additional patrols routed to DSF 12548 | -6/DSF | Sterilization system engaged 12568 | -6/DSF | Ambient heat levels rising (+10) 12583 | -6/DSF | Ambient heat levels rising (+10) 12598 | -6/DSF | Ambient heat levels rising (+10) 12613 | -6/DSF | Ambient heat levels rising (+10) 12618 | -6/DSF | Discovered new exit (range 15) 12628 | -6/DSF | Ambient heat levels rising (+10) 12643 | -6/DSF | Ambient heat levels rising (+10) 12645 | -6/DSF | Entered Factory 12645 | -5/Factory | Evolved 2 slots: Propulsion x1, Utility x1 13369 | -5/Factory | Discovered new exit (range 5) 13378 | -5/Factory | Identified exit to Factory 13856 | -5/Factory | Cargo convoy interrupted 13921 | -5/Factory | Build established: Hacker-Tank 13977 | -5/Factory | Garrison activated, responded to threat 14124 | -5/Factory | Repaired Lyr. Heavy Armor Plating? 14138 | -5/Factory | Specialist reinforcements revealed to be Infiltrators 14144 | -5/Factory | Garrison activated, responded to threat 14145 | -5/Factory | First assault squad dispatched 14254 | -5/Factory | System corruption reached 10% 14284 | -5/Factory | Lost 5 parts (1p3u1w) 14334 | -5/Factory | Build established: Scavenger-Tank 14907 | -5/Factory | Lost 3 allies 15778 | -5/Factory | Core integrity fell below 50% 15895 | -5/Factory | Lost 8 parts (1n3u4w) 16279 | -5/Factory | Identified exit to Upper Caves 16354 | -5/Factory | Entered another Factory area 16354 | -4/Factory | Evolved 2 slots: Utility x1, Weapon x1 16604 | -4/Factory | First assault squad dispatched 16631 | -4/Factory | Lost 11 parts (1p3n3u4w) 16775 | -4/Factory | Lost 3 parts (2n1u) 16801 | -4/Factory | Discovered new exit (range 15) 16806 | -4/Factory | Identified exit to Upper Caves 16839 | -4/Factory | Entered Upper Caves 16845 | -4/Upper Caves | Met a Warlord Commander 16846 | -4/Upper Caves | Learned location of Warlord (-4) 16847 | -4/Upper Caves | Warlord Commander delivered Encrypted Comm Array 16933 | -4/Upper Caves | Spotted B-86 Titan 17041 | -4/Upper Caves | Core integrity fell below 50% 17042 | -4/Upper Caves | System corruption reached 10% 17069 | -4/Upper Caves | Build established: Mutant 17120 | -4/Upper Caves | Lost 11 parts (1p3n4u3w) 17139 | -4/Upper Caves | Discovered new exit (range 9) 17141 | -4/Upper Caves | Identified exit to Upper Caves 17141 | -4/Upper Caves | Entered another Upper Caves area 17142 | -4/Upper Caves | Core integrity fell below 20% 17142 | -4/Upper Caves | Discovered new exit (range 10) 17146 | -4/Upper Caves | Learned location of Testing (-3) 17170 | -4/Upper Caves | Spotted B-86 Titan 17273 | -4/Upper Caves | Destroyed by S-27 Virus with Autogun Last Messages --------------- GOAL=ESCAPE 17142_ EXIT=FOUND 17146_ Acquired derelict log, extracted data. World map updated: -3/Testing. 17148_ GQ&I